GULF
GALVESTON SAND CRABS @ PORT LAVACA INDIANS
08/16/1982
 
TOP OF THE 1ST
Galveston Sand Crabs batting - Pitching for Port Lavaca Indians : RHP Michael Shuleeta
Pitching: RHP Michael Shuleeta
Batting: SHB Ricardo Rivera 0-0: Ball
1-0: Ball
2-0: Ball
3-0: Called Strike
3-1: TRIPLE (Flyball, 8RXD, EV 94.4 MPH)
Batting: RHB Sergio Padilla 0-0: Ball
1-0: Called Strike
1-1: Ball
2-1: Ball
3-1: Foul Ball, location: 2F
3-2: Base on Balls
Batting: LHB Van Snider 0-0: Ball
1-0: Ball
2-0: Ball
3-0: Called Strike
3-1: Called Strike
3-2: Foul Ball, location: 2F
3-2: Base on Balls
Sergio Padilla to second
Batting: RHB Stephen Fleming 0-0: Fly out, F9 (Flyball, 89XD, EV 98.1 MPH)
Runner from 3rd tags up, SCORES, no throw by RF
Sergio Padilla to third
Batting: SHB Darryl Wilks 0-0: Ball
1-0: Called Strike
Van Snider steals 2nd base
1-1: Called Strike
1-2: Ball
2-2: Fly out, F6 (Flyball, 56D, EV 87.5 MPH)
Batting: RHB Rich Thompson 0-0: Called Strike
0-1: Fly out, F8 (Flyball, 78M, EV 83.1 MPH)
Top of the 1st over - 1 run, 1 hit, 0 errors, 2 left on base; Galveston 1 - Port Lavaca 0
BOTTOM OF THE 1ST
Port Lavaca Indians batting - Pitching for Galveston Sand Crabs : RHP Bill Mooneyham
Pitching: RHP Bill Mooneyham
Batting: LHB William Tirado 0-0: SINGLE (Groundball, 4MS, EV 70.6 MPH) (infield hit)
Batting: LHB Antonio Huerta 0-0: Called Strike
0-1: Ball
1-1: Swinging Strike
1-2: SINGLE (Groundball, 13, EV 81.9 MPH) (infield hit)
William Tirado to second
Batting: LHB Wally Joyner 0-0: Called Strike
0-1: Foul Ball, location: 2F
0-2: Ball
1-2: Ball
2-2: Ball
3-2: Base on Balls
William Tirado to third
Antonio Huerta to second
Batting: SHB John Rigos 0-0: Ball
1-0: Ball
2-0: Called Strike
2-1: Fly out, F8 (Line Drive, 8LD, EV 105.6 MPH)
Runner from 3rd tags up, SCORES, no throw by CF
Batting: RHB Robbie Wine 0-0: Called Strike
0-1: Ball
1-1: Called Strike
1-2: Ball
2-2: DOUBLE (Flyball, 78D, EV 85.0 MPH)
Antonio Huerta scores
Wally Joyner to third
Batting: SHB Ruben Sierra 0-0: SINGLE (Flyball, 78S, EV 84.4 MPH)
Wally Joyner scores
Robbie Wine to third
Runner from 3rd tries for Home, SAFE, throw by LF to home
Batting: RHB Robert Mills 0-0: Fielders Choice at 2nd, 1-6 (Groundball, 13S, EV 68.8 MPH)
Batting: RHB Jeffrey Rhodes 0-0: Ball
Robert Mills steals 2nd base
1-0: Fly out, F4 (Popup, 34, EV 71.3 MPH)
Bottom of the 1st over - 4 runs, 4 hits, 0 errors, 1 left on base; Galveston 1 - Port Lavaca 4
TOP OF THE 2ND
Galveston Sand Crabs batting - Pitching for Port Lavaca Indians : RHP Michael Shuleeta
Batting: RHB William Packer 0-0: SINGLE (Flyball, 3D, EV 88.8 MPH)
Batting: RHB Wil Muela 0-0: Called Strike
0-1: Foul Ball, location: 2F
0-2: Fielders Choice at 2nd, 6-4 (Groundball, 6, EV 88.8 MPH)
Batting: RHB Jon Debus 0-0: Ball
1-0: Ball
2-0: Fielders Choice at 2nd, 1-4 (Groundball, P, EV 73.8 MPH)
Batting: SHB Ricardo Rivera 0-0: Called Strike
0-1: Ball
1-1: Ball
2-1: SINGLE (Groundball, 4MD, EV 98.1 MPH)
Jon Debus to second
Runner from 2nd tries for 3rd, SAFE, throw by CF made to third
Ricardo Rivera to second
Batting: RHB Sergio Padilla 0-0: Fly out, F8 (Line Drive, 8LM, EV 106.3 MPH)
Top of the 2nd over - 0 runs, 2 hits, 0 errors, 2 left on base; Galveston 1 - Port Lavaca 4
BOTTOM OF THE 2ND
Port Lavaca Indians batting - Pitching for Galveston Sand Crabs : RHP Bill Mooneyham
Batting: RHB Richard Johnson 0-0: Swinging Strike
0-1: Foul Ball, location: 2F
0-2: Ball
1-2: Ball
2-2: Foul Ball, location: 2F
2-2: Foul Ball, location: 2F
2-2: Strikes out swinging
Batting: LHB William Tirado 0-0: Ball
1-0: Ball
2-0: Ball
3-0: Base on Balls
Batting: LHB Antonio Huerta 0-0: Foul Ball, location: 2F
0-1: Ball
1-1: Ball
2-1: SINGLE (Line Drive, 4D, EV 93.8 MPH)
William Tirado to second
Batting: LHB Wally Joyner 0-0: Ball
1-0: Ball
2-0: Called Strike
2-1: Ball
3-1: Called Strike
3-2: Grounds into double play, 6-4-3 (Groundball, 6S, EV 81.9 MPH)
Bottom of the 2nd over - 0 runs, 1 hit, 0 errors, 1 left on base; Galveston 1 - Port Lavaca 4
TOP OF THE 3RD
Galveston Sand Crabs batting - Pitching for Port Lavaca Indians : RHP Michael Shuleeta
Batting: LHB Van Snider 0-0: Foul Ball, location: 2F
0-1: Ball
1-1: DOUBLE (Line Drive, 89M, EV 110.0 MPH)
Batting: RHB Stephen Fleming 0-0: Ball
1-0: Ground out 4-3 (Groundball, 34, EV 88.1 MPH)
Van Snider to third
Batting: SHB Darryl Wilks 0-0: Ball
1-0: Foul Ball, location: 2F
1-1: Ball
2-1: SINGLE (Line Drive, 4D, EV 102.5 MPH)
Van Snider scores
Batting: RHB Rich Thompson 0-0: Called Strike
0-1: Ball
1-1: Ball
Darryl Wilks steals 2nd base
2-1: Foul Ball, location: 2F
2-2: Reached via error on a dropped throw from SS, E3 (Groundball, 6, EV 99.4 MPH)
Darryl Wilks to third
Batting: RHB William Packer 0-0: Ball
1-0: Fly out, F8 (Flyball, 8LM, EV 92.5 MPH)
Batting: RHB Wil Muela 0-0: Ball
1-0: Ball
2-0: Called Strike
2-1: Ball
3-1: Called Strike
3-2: Base on Balls
Rich Thompson to second
Batting: RHB Jon Debus 0-0: Ball
1-0: Ball
2-0: Foul Ball, location: 2F
2-1: Ground out 1-3 (Groundball, 25, EV 61.9 MPH)
Top of the 3rd over - 1 run, 2 hits, 1 error, 3 left on base; Galveston 2 - Port Lavaca 4
BOTTOM OF THE 3RD
Port Lavaca Indians batting - Pitching for Galveston Sand Crabs : RHP Bill Mooneyham
Batting: SHB John Rigos 0-0: Ball
1-0: Ground out 6-3 (Groundball, 6, EV 81.3 MPH)
Batting: RHB Robbie Wine 0-0: Ball
1-0: Ball
2-0: Foul Ball, location: 2F
2-1: Ground out 6-3 (Groundball, 6, EV 83.1 MPH)
Batting: SHB Ruben Sierra 0-0: Ball
1-0: Foul Ball, location: 2F
1-1: Ball
2-1: Ground out 2-3 (Groundball, 13S, EV 66.9 MPH)
Bottom of the 3rd over - 0 runs, 0 hits, 0 errors, 0 left on base; Galveston 2 - Port Lavaca 4
TOP OF THE 4TH
Galveston Sand Crabs batting - Pitching for Port Lavaca Indians : RHP Michael Shuleeta
Batting: SHB Ricardo Rivera 0-0: Foul Ball, location: 2F
0-1: Foul Ball, location: 2F
0-2: Strikes out swinging
Batting: RHB Sergio Padilla 0-0: Swinging Strike
0-1: Foul Ball, location: 2F
0-2: Fly out, F4 (Line Drive, 4, EV 70.0 MPH)
Batting: LHB Van Snider 0-0: Foul Ball, location: 2F
0-1: Ball
1-1: Ball
2-1: Foul Ball, location: 2F
2-2: Foul Ball, location: 2F
2-2: Ball
3-2: Ground out U3 (Groundball, 34S, EV 88.8 MPH)
Top of the 4th over - 0 runs, 0 hits, 0 errors, 0 left on base; Galveston 2 - Port Lavaca 4
BOTTOM OF THE 4TH
Port Lavaca Indians batting - Pitching for Galveston Sand Crabs : RHP Bill Mooneyham
Batting: RHB Robert Mills 0-0: Ball
1-0: Called Strike
1-1: Ball
2-1: Ball
3-1: SINGLE (Line Drive, 78S, EV 86.3 MPH)
Batting: RHB Jeffrey Rhodes 0-0: Called Strike
0-1: SINGLE (Groundball, 34S, EV 68.8 MPH) (infield hit)
Robert Mills to second
Batting: RHB Richard Johnson 0-0: Called Strike
0-1: Ball
1-1: Swinging Strike
1-2: Strikes out looking
Batting: LHB William Tirado 0-0: Called Strike
0-1: Ball
1-1: Fielders Choice at 2nd, 4-6 (Groundball, 4, EV 87.5 MPH)
Robert Mills to third
Batting: LHB Antonio Huerta 0-0: Called Strike
0-1: Foul Ball, location: 2F
Balk!
Robert Mills scores
William Tirado to second
0-2: Ball
1-2: Foul Ball, location: 2F
1-2: Ball
2-2: Foul Ball, location: 2F
2-2: SINGLE (Groundball, 3D, EV 100.0 MPH)
William Tirado to third
Runner from 3rd tries for Home, SAFE, throw by RF to home
Pitching: LHP Daniel Nay
Batting: LHB Wally Joyner 0-0: Ball
1-0: SINGLE (Line Drive, 56D, EV 100.0 MPH)
Antonio Huerta to second
Batting: SHB John Rigos 0-0: Ball
1-0: Called Strike
1-1: Ground out 6-3 (Groundball, 6MS, EV 84.4 MPH)
Bottom of the 4th over - 2 runs, 4 hits, 0 errors, 2 left on base; Galveston 2 - Port Lavaca 6
TOP OF THE 5TH
Galveston Sand Crabs batting - Pitching for Port Lavaca Indians : RHP Michael Shuleeta
Batting: RHB Stephen Fleming 0-0: Ball
1-0: Ball
2-0: Called Strike
2-1: Ball
3-1: Called Strike
3-2: SINGLE (Flyball, 3D, EV 90.0 MPH)
Pitching: RHP Mark Leonette
Batting: SHB Darryl Wilks 0-0: Ball
1-0: Foul Ball, location: 2F
1-1: Foul Ball, location: 2F
1-2: Ball
2-2: Fielders Choice at 2nd, 1-6 (Groundball, 34S, EV 72.5 MPH)
Batting: RHB Rich Thompson 0-0: Called Strike
0-1: Ball
1-1: SINGLE (Line Drive, 9S, EV 85.6 MPH)
Darryl Wilks to second
Runner from 2nd tries for 3rd, SAFE, throw by RF made to third
Batting: RHB William Packer 0-0: Called Strike
0-1: Ball
1-1: SINGLE (Line Drive, 9S, EV 91.3 MPH)
Darryl Wilks scores
Rich Thompson to second
Runner from 2nd tries for 3rd, SAFE, throw by RF made to third
Batting: RHB Wil Muela 0-0: Foul Ball, location: 2F
0-1: Called Strike
0-2: Fly out, F8 (Flyball, 78M, EV 89.4 MPH)
Batting: RHB Jon Debus 0-0: Foul Ball, location: 2F
0-1: Called Strike
0-2: Fly out, F9 (Flyball, 89S, EV 85.6 MPH)
Top of the 5th over - 1 run, 3 hits, 0 errors, 2 left on base; Galveston 3 - Port Lavaca 6
BOTTOM OF THE 5TH
Port Lavaca Indians batting - Pitching for Galveston Sand Crabs : LHP Daniel Nay
Batting: RHB Robbie Wine 0-0: Called Strike
0-1: Foul Ball, location: 2F
0-2: Ball
1-2: Foul Ball, location: 2F
1-2: Foul Ball, location: 2F
1-2: SOLO HOME RUN (Flyball, 7D, EV 101.9 MPH), Distance : 365 ft
Batting: SHB Ruben Sierra 0-0: Swinging Strike
0-1: Swinging Strike
0-2: Strikes out looking
Batting: RHB Robert Mills 0-0: Ground out 6-3 (Groundball, 6, EV 81.3 MPH)
Batting: RHB Jeffrey Rhodes 0-0: Fly out, F9 (Flyball, 9, EV 68.1 MPH)
Bottom of the 5th over - 1 run, 1 hit, 0 errors, 0 left on base; Galveston 3 - Port Lavaca 7
TOP OF THE 6TH
Galveston Sand Crabs batting - Pitching for Port Lavaca Indians : RHP Mark Leonette
Batting: SHB Ricardo Rivera 0-0: Ball
1-0: Foul Ball, location: 2F
1-1: Ground out U3 (Groundball, 3, EV 101.9 MPH)
Batting: RHB Sergio Padilla 0-0: Ball
1-0: Ball
2-0: Foul Ball, location: 2F
2-1: SINGLE (Groundball, 5S, EV 70.0 MPH) (infield hit)
Batting: LHB Van Snider 0-0: Ball
1-0: Swinging Strike
1-1: Swinging Strike
1-2: Strikes out swinging
Sergio Padilla is caught stealing 2nd base 2-6
Batter strikes out.
Top of the 6th over - 0 runs, 1 hit, 0 errors, 0 left on base; Galveston 3 - Port Lavaca 7
BOTTOM OF THE 6TH
Port Lavaca Indians batting - Pitching for Galveston Sand Crabs : LHP Daniel Nay
Batting: RHB Richard Johnson 0-0: Ball
1-0: Ball
2-0: Ground out 4-3 (Groundball, 4, EV 81.9 MPH)
Batting: LHB William Tirado 0-0: Ball
1-0: Foul Ball, location: 2F
1-1: Ball
2-1: Ground out 5-3 (Groundball, 56S, EV 66.9 MPH)
Batting: LHB Antonio Huerta 0-0: Ball
1-0: Called Strike
1-1: Called Strike
1-2: Ball
2-2: Fly out, F7 (Line Drive, 7, EV 90.6 MPH)
Bottom of the 6th over - 0 runs, 0 hits, 0 errors, 0 left on base; Galveston 3 - Port Lavaca 7
TOP OF THE 7TH
Galveston Sand Crabs batting - Pitching for Port Lavaca Indians : RHP Mark Leonette
Batting: RHB Stephen Fleming 0-0: Ball
1-0: Ground out 5-3 (Groundball, 56S, EV 84.4 MPH)
Batting: SHB Darryl Wilks 0-0: Ball
1-0: Called Strike
1-1: Fly out, F7 (Line Drive, 7, EV 96.9 MPH)
Batting: RHB Rich Thompson 0-0: SINGLE (Line Drive, 7S, EV 109.4 MPH)
Batting: RHB William Packer 0-0: Called Strike
0-1: Foul Ball, location: 2F
0-2: Strikes out swinging
Top of the 7th over - 0 runs, 1 hit, 0 errors, 1 left on base; Galveston 3 - Port Lavaca 7
BOTTOM OF THE 7TH
Port Lavaca Indians batting - Pitching for Galveston Sand Crabs : LHP Daniel Nay
Batting: LHB Wally Joyner 0-0: Swinging Strike
0-1: Ball
1-1: Ball
2-1: Called Strike
2-2: Ground out 4-3 (Groundball, 4, EV 83.8 MPH)
Batting: SHB John Rigos 0-0: Called Strike
0-1: Ball
1-1: Called Strike
1-2: Ball
2-2: Ball
3-2: Base on Balls
Batting: RHB Robbie Wine 0-0: Foul Ball, location: 2F
0-1: Ball
1-1: Swinging Strike
1-2: Ball
2-2: DOUBLE (Line Drive, 89D, EV 106.9 MPH)
John Rigos to third
Runner from 3rd tries for Home, SAFE, throw by RF to trailing runner, OUT at third! 9-3-5
Batting: SHB Ruben Sierra 0-0: Called Strike
0-1: Fly out, F8 (Flyball, 8RD, EV 85.0 MPH)
Bottom of the 7th over - 1 run, 1 hit, 0 errors, 0 left on base; Galveston 3 - Port Lavaca 8
TOP OF THE 8TH
Galveston Sand Crabs batting - Pitching for Port Lavaca Indians : RHP Mark Leonette
Batting: RHB Wil Muela 0-0: Ball
1-0: Ball
2-0: Ball
3-0: Base on Balls
Batting: RHB Jon Debus 0-0: Called Strike
0-1: Fielders Choice at 2nd, 5-4 (Groundball, 56, EV 88.1 MPH)
Batting: SHB Ricardo Rivera 0-0: Called Strike
0-1: Ball
1-1: Ball
2-1: Foul Ball, location: 2F
2-2: Foul Ball, location: 2F
2-2: Ball
3-2: Foul Ball, location: 2F
3-2: Base on Balls
Jon Debus to second
Batting: RHB Sergio Padilla 0-0: Foul Ball, location: 2F
0-1: Ball
1-1: Swinging Strike
1-2: Foul Ball, location: 2F
1-2: Strikes out swinging
Pitching: RHP David Lesch
Batting: LHB Van Snider 0-0: Swinging Strike
0-1: Swinging Strike
0-2: Strikes out swinging
Top of the 8th over - 0 runs, 0 hits, 0 errors, 2 left on base; Galveston 3 - Port Lavaca 8
BOTTOM OF THE 8TH
Port Lavaca Indians batting - Pitching for Galveston Sand Crabs : LHP Daniel Nay
Batting: RHB Robert Mills 0-0: Foul Ball, location: 2F
0-1: SOLO HOME RUN (Flyball, 89XD, EV 93.1 MPH), Distance : 437 ft
Batting: RHB Jeffrey Rhodes 0-0: Ball
1-0: Fly out, F9 (Flyball, 89S, EV 96.3 MPH)
Batting: RHB Richard Johnson 0-0: Ball
1-0: Called Strike
1-1: Ball
2-1: Ball
3-1: Fly out, F7 (Flyball, 7, EV 90.6 MPH)
Batting: LHB William Tirado 0-0: Called Strike
0-1: Called Strike
0-2: Ball
1-2: Strikes out swinging
Bottom of the 8th over - 1 run, 1 hit, 0 errors, 0 left on base; Galveston 3 - Port Lavaca 9
TOP OF THE 9TH
Galveston Sand Crabs batting - Pitching for Port Lavaca Indians : RHP David Lesch
Batting: RHB Stephen Fleming 0-0: Ball
1-0: Swinging Strike
1-1: Swinging Strike
1-2: Strikes out looking
Batting: SHB Darryl Wilks 0-0: Called Strike
0-1: Ball
1-1: Foul Ball, location: 2F
1-2: Foul Ball, location: 2F
1-2: Ball
2-2: Ground out 5-3 (Groundball, 56S, EV 78.1 MPH)
Batting: RHB Rich Thompson 0-0: Ball
1-0: Ground out 6-3 (Groundball, 6, EV 89.4 MPH)
Top of the 9th over - 0 runs, 0 hits, 0 errors, 0 left on base; Galveston 3 - Port Lavaca 9
Monday, August 24th, 2020 - OOTP Baseball 21.5 Build 76